 Dungeon Crawl Stone Soup version 0.24-a0-769-g368c1644f8 (webtiles) character file.

Game seed: 5803065120913358540, levelgen mode: deterministic

1286 Kae the Martial Artist (level 8, 0/58 HPs)
             Began as a Demonspawn Monk on Oct 4, 2019.
             Killed from afar by an orc wizard (8 damage)
             ... with a magic dart
             ... on level 5 of the Dungeon.
             The game lasted 00:05:57 (5816 turns).

Kae the Martial Artist (Demonspawn Monk)            Turns: 5816, Time: 00:05:57

Health: 0/58       AC:  2    Str: 16    XL:     8   Next: 30%
Magic:  8/8        EV: 13    Int: 12    God:
Gold:   260        SH:  0    Dex: 18    Spells: 7/7 levels left

rFire    . . .     SeeInvis .     - Unarmed
rCold    . . .     Gourm    .   (no shield)
rNeg     . . .     Faith    .   a - +0 robe
rPois    .         Spirit   .   (helmet restricted)
rElec    .         Reflect  .   e - scarf {repulsion}
rCorr    .         Harm     .   (no gloves)
MR       .....                  (no boots)
Stlth    ++........             (no amulet)
HPRegen  0.19/turn              (no ring)
MPRegen  0.11/turn              (no ring)

@: mighty, repel missiles
A: horns 1, demonic guardian 1, powered by pain 1
a: no special abilities


You were on level 5 of the Dungeon.
You were hungry.

You visited 1 branch of the dungeon, and saw 5 of its levels.

You collected 260 gold pieces.

Inventory:

Armour
 a - a +0 robe (worn)
 e - a scarf of repulsion (worn)
Scrolls
 g - 2 scrolls of teleportation
 j - 3 scrolls of remove curse
 p - a scroll of amnesia
Potions
 d - 2 potions of brilliance
 i - a potion of resistance
 l - 4 potions of flight {unknown}
 m - a potion of haste
 o - 2 potions of cancellation {unknown}
Comestibles
 b - 5 rations


   Skills:
 - Level 3.0 Fighting
 - Level 2.6 Dodging
 - Level 1.7 Stealth
 + Level 9.6 Unarmed Combat


You had 7 spell levels left.
You didn't know any spells.
Your spell library was empty.

Dungeon Overview and Level Annotations

Branches:
Dungeon (5/15)
 Temple: D:4-7

Altars:
Hepliaklqana
Kikubaaqudgha
Uskayaw

Annotations:
D:5 Prince Ribbit


Innate Abilities, Weirdness & Mutations

You have a pair of small horns on your head.
A weak demonic guardian rushes to your aid.
You sometimes gain a little power by taking damage.


Message History

You hit the orc wizard but do no damage.
The orc wizard is moderately wounded.
The orc wizard closely misses you. The orc hits you with a +0 falchion.
* * * LOW HITPOINT WARNING * * *
The orc closely misses you.
Unknown command.
The orc wizard gestures at you while chanting.
The puff of frost hits you!
* * * LOW HITPOINT WARNING * * *
The orc wizard barely misses you.
You feel better.
The orc wizard points at you and mumbles some strange words.
The puff of frost is repelled.
The orc hits you with a +0 falchion.
* * * LOW HITPOINT WARNING * * *
The orc wizard closely misses you.
Your iron imp misses the orc wizard.
The orc wizard barely misses you.
You feel very mighty all of a sudden. The orc wizard casts a spell at you.
The magic dart hits you!
You die...

..........##
..#.....###
####....####
#.....#.### .
###....##...# ##
..............# ..#
.####.####...######..#
.##.....##..##.#.....#
.#.......#....oo@....#
.#.......#†....o##..##
....._...).....5# ..#
.#.......#......# ## .
.......#......#
#.....##..........
###.## #.......... ...
............ ...
.............


You could see an orc wizard, 2 orcs and a friendly iron imp.

Vanquished Creatures
  Menkaure (D:5)
  Edmund (D:4)
  An orc warrior (D:4)
  A necrophage (D:5)
  A centaur (D:5)
  A gnoll sergeant (D:5)
  3 scorpions
  A crimson imp (D:5)
  A centaur zombie (D:5)
  2 centaur skeletons
  2 hounds (D:4)
  2 orc priests (D:5)
  3 orc wizards
  Jessica (D:2)
  A worker ant (D:5)
  7 gnolls
  3 adders
  2 river rats (D:4)
  4 oozes
  An adder skeleton (D:4)
  3 worms
  3 leopard geckos
  14 orcs
  5 giant cockroaches
  6 goblins
  6 hobgoblins
  3 quokkas (D:2)
  4 bats
  5 frilled lizards
  6 kobolds
  4 rats
98 creatures vanquished.

Notes
Turn   | Place    | Note
-------+----------+-------------------------------------------
     0 | D:1      | Kae the Demonspawn Monk began the quest for the Orb.
     0 | D:1      | Reached XP level 1. HP: 18/18 MP: 1/1
    80 | D:1      | Reached skill level 3 in Unarmed Combat
    86 | D:1      | Gained mutation: You sometimes gain a little power by
                  | taking damage. [demonic ancestry]
    86 | D:1      | Reached XP level 2. HP: 9/24 MP: 2/2
   713 | D:1      | Found an ancient bone altar of Kikubaaqudgha.
   869 | D:2      | Found a hazy altar of Hepliaklqana.
  1234 | D:2      | Reached XP level 3. HP: 15/29 MP: 3/3
  1583 | D:2      | Noticed Jessica
  1593 | D:2      | Reached skill level 4 in Unarmed Combat
  1595 | D:2      | Killed Jessica
  1641 | D:2      | Reached XP level 4. HP: 34/35 MP: 4/4
  2203 | D:3      | Reached skill level 5 in Unarmed Combat
  3244 | D:3      | Gained mutation: You have a pair of small horns on your
                  | head. [demonic ancestry]
  3244 | D:3      | Reached XP level 5. HP: 37/41 MP: 5/5
  3449 | D:4      | Reached skill level 6 in Unarmed Combat
  3480 | D:4      | Reached XP level 6. HP: 9/47 MP: 6/6
  3630 | D:4      | Noticed Edmund
  3642 | D:4      | Noticed an orc warrior
  3661 | D:4      | Killed Edmund
  3678 | D:4      | Killed an orc warrior
  3678 | D:4      | Reached skill level 7 in Unarmed Combat
  3678 | D:4      | Reached XP level 7. HP: 10/52 MP: 7/7
  4298 | D:5      | Entered Level 5 of the Dungeon
  4323 | D:5      | Reached skill level 8 in Unarmed Combat
  5179 | D:5      | Noticed Menkaure
  5203 | D:5      | Reached skill level 9 in Unarmed Combat
  5203 | D:5      | Gained mutation: A weak demonic guardian rushes to your
                  | aid. [demonic ancestry]
  5203 | D:5      | Reached XP level 8. HP: 46/58 MP: 8/8
  5208 | D:5      | Killed Menkaure
  5467 | D:5      | Noticed Prince Ribbit
  5749 | D:5      | Found a hide-covered altar of Uskayaw.
  5816 | D:5      | Killed from afar by an orc wizard

Levels and vault maps discovered:
D:1:      dpeg_arrival_short_road, layout_basic, kennysheep_flooded_box,
          corexii_item_surrounded_by_moat
D:2:      layout_basic, lemuel_crystal_altar, uniq_jessica
D:3:      layout_basic
D:4:      layout_loops_ring, gup_sewer_entry_spiral, uniq_edmund
D:5:      layout_cave_pools, old_standard_altar, first_ration, basic_altar,
          uniq_menkaure, uniq_eustachio, uniq_prince_ribbit1, uniq_blork_the_orc

Skill      XL: |  1  2  3  4  5  6  7 |
---------------+----------------------+-----
Unarmed Combat | 3 4 5 6 7 9 |  9.6
Fighting       | |  3.0
Dodging        | |  2.6
Stealth        | |  1.7

Action                   |  1- 3 |  4- 6 |  7- 9 || total
-------------------------+-------+-------+-------++-------
Melee: Unarmed           |   119 |   174 |   165 ||   458
       Punch             |     2 |       |     8 ||    10
       Headbutt          |       |    14 |    36 ||    50
  Use: Scroll            |     4 |     4 |     1 ||     9
       Potion            |       |     5 |     3 ||     8
 Stab: Sleeping          |     4 |     5 |     1 ||    10
       Distracted        |       |     1 |       ||     1
       Invisible         |       |    11 |       ||    11
  Eat: Chunk             |     2 |     5 |     8 ||    15
Armor: Robe              |    18 |    19 |     7 ||    44
Dodge: Dodged            |    80 |   104 |    88 ||   272
       Deflected         |     1 |       |     1 ||     2

Table legend:
 A = Non-vault XP
 B = Vault XP
 C = Vault XP percentage of total XP
 D = Non-vault monster count
 E = Vault monster count
 F = Vault count percentage of total count
                 A         B        C        D         E       F
            +---------+---------+-------+---------+---------+-------
      Total |    1416 |     422 |  23.0 |      88 |      10 |  10.2
            +---------+---------+-------+---------+---------+-------
        D:1 |      25 |       0 |   0.0 |      12 |       0 |   0.0
        D:2 |      55 |      37 |  40.2 |      21 |       1 |   4.5
        D:3 |     115 |       0 |   0.0 |      16 |       0 |   0.0
        D:4 |     476 |     213 |  30.9 |      15 |       8 |  34.8
        D:5 |     745 |     172 |  18.8 |      24 |       1 |   4.0
            +---------+---------+-------+---------+---------+-------
